 Dungeon Crawl Stone Soup version 0.19.1 (webtiles) character file.

354557 Positivity the Slayer (level 21, -4/298 HPs)
             Began as a Demonspawn Wanderer on Nov 16, 2016.
             Was the Champion of Okawaru.
             Slain by a deep troll (12 damage)
             ... on level 15 of the Dungeon on Nov 29, 2016.
             The game lasted 02:18:48 (44596 turns).

Positivity the Slayer (Demonspawn Wanderer)        Turns: 44596, Time: 02:18:49

Health: -4/298     AC: 38    Str: 23    XL:     21   Next: 35%
Magic:  0/26       EV:  6    Int: 21    God:    Okawaru [******]
Gold:   2560       SH:  0    Dex: 17    Spells: 0 memorised, 20 levels left

rFire  + + .     SeeInvis .     T - +1 sword of Power
rCold  + + +     Gourm    .     D - +5 crystal plate armour
rNeg   + . .     Faith    .     (shield currently unavailable)
rPois  +         Spirit   +     l - +1 hat {Int+3}
rElec  +         Reflect  .     A - +0 cloak {MR+}
rCorr  .         Harm     .     p - +0 pair of gloves
MR     ++...                    (boots unavailable)
Stlth  ..........               t - amulet "Arask" {rPois rF+ rN+ Regen+ Dex+4}
                                H - ring "Qicaemy" {rElec rF+ rC+ Int+2}
                                m - ring of protection from cold

@: berserking, very slightly contaminated, very quick
A: talons 3, rugged brown scales 2, cold resistance 1, screaming 1, weak 1,
magic shield, magic regeneration, magic link, freezing cloud immunity, subdued
magic 1
a: Heroism, Finesse, Renounce Religion
}: 2/15 runes: decaying, serpentine


You were on level 15 of the Dungeon.
You worshipped Okawaru.
Okawaru was exalted by your worship.
You were not hungry.

You visited 7 branches of the dungeon, and saw 36 of its levels.
You visited the Abyss 2 times.
You also visited: Ice Cave.

You collected 3802 gold pieces.
You spent 1242 gold pieces at shops.

Inventory:

Hand Weapons
 g - the +8 great sword "Hoacasof" {flame, Str+3}
   (Okawaru gifted it to you on level 2 of the Lair of Beasts)

   It has been specially enchanted to burn those struck by it, causing extra
   injury to most foes and up to half again as much damage against particularly
   susceptible opponents.
   Big, fiery blades are also staple armaments of hydra-hunters.
   It affects your strength (+3).
 T - the +1 sword of Power (weapon)
   (You acquired it on level 2 of the Vaults)
Missiles
 a - 462 arrows
Armour
 l - a +1 hat of intelligence (worn)
 p - a +0 pair of gloves (worn)
 A - a +0 cloak of magic resistance (worn)
 D - a +5 crystal plate armour (worn)
 V - a +1 cloak of poison resistance
Jewellery
 b - an uncursed ring of loudness
 i - an uncursed ring of protection from magic
 m - a ring of protection from cold (left hand)
 t - the amulet "Arask" (around neck) {rPois rF+ rN+ Regen+ Dex+4}
   (You bought it in a shop on level 8 of the Dungeon)

   [amulet of regeneration]

   It affects your dexterity (+4).
   It protects you from fire.
   It protects you from poison.
   It protects you from negative energy.
   It increases your rate of regeneration.
 u - an uncursed ring of positive energy
 z - an uncursed ring of flight
 H - the ring "Qicaemy" (right hand) {rElec rF+ rC+ Int+2}
   (You acquired it on level 3 of the Snake Pit)

   [ring of protection from fire]

   It affects your intelligence (+2).
   It protects you from fire.
   It protects you from cold.
   It insulates you from electricity.
Wands
 d - a wand of acid (3/15)
 o - a wand of disintegration (13/24)
 I - a wand of lightning (3/15)
 J - a wand of teleportation (2/9)
 Q - a wand of lightning (3/15)
Scrolls
 q - 2 scrolls of recharging
 r - 11 scrolls of remove curse
 x - 7 scrolls of amnesia
 y - a scroll of enchant armour
 B - 4 scrolls of enchant weapon
 N - 20 scrolls of identify
 S - 3 scrolls of magic mapping
 Z - a scroll of fog
Potions
 f - a potion of berserk rage
 h - a potion of agility
 s - 2 potions of magic
 v - a potion of invisibility
 E - 2 potions of cancellation
 G - a potion of might
 L - 6 potions of brilliance
 P - a potion of haste
 R - a potion of flight
Books
 k - a book of Changes

   Spells                             Type                      Level
   a - Beastly Appendage              Transmutation                1
   b - Sticks to Snakes               Transmutation                2
   c - Spider Form                    Transmutation/Poison         3
   d - Ice Form                       Ice/Transmutation            4
   e - Blade Hands                    Transmutation                5
 Y - a book of Misfortune

   Spells                             Type                      Level
   a - Confusing Touch                Hexes                        1
   b - Confuse                        Hexes                        3
   c - Gell's Gravitas                Hexes/Translocation          3
   d - Petrify                        Transmutation/Earth          4
   e - Metabolic Englaciation         Hexes/Ice                    5
   f - Yara's Violent Unravelling     Hexes/Transmutation          5
Miscellaneous
 K - a lamp of fire
Comestibles
 c - 3 beef jerkies
 j - 4 bread rations
 n - 6 slices of pizza
 w - 27 fruits
 F - 9 meat rations


   Skills:
 + Level 22.4 Fighting
 - Level 20.1 Long Blades
   Level 1.7 Bows
 + Level 19.6 Armour
   Level 1.0 Shields
 - Level 7.2 Invocations
 - Level 1.0 Evocations


You had 20 spell levels left.
You didn't know any spells.

Dungeon Overview and Level Annotations

Branches:
Dungeon (15/15)            Temple (0/1) D:5            Lair (6/6) D:11
  Swamp (4/4) Lair:2        Snake (4/4) Lair:4        Slime (0/5) Lair:5
    Orc (2/2) D:9             Elf (0/3) Orc:2        Vaults (4/5) D:14
  Crypt (0/3) Vaults:2     Depths (1/5) D:15

Altars:
Ashenzari
Cheibriados
Dithmenos
Elyvilon
Gozag
Hepliaklqana
Kikubaaqudgha
Makhleb
Nemelex Xobeh
Okawaru
Qazlal
Sif Muna
Trog
Vehumet
Yredelemnul

Shops:
D:6 [*(?   D:8 (}=   Orc:2 (!}:   Vaults:3 [   Depths:1 (

Portals:
Abyss: Depths:1
Pandemonium: Depths:1


Innate Abilities, Weirdness & Mutations

You have claws for feet.
You are mostly covered in rugged brown scales. (AC +2, +5% HP)
Your flesh is cold resistant. (rC+)
When hurt, damage is shared between your health and your magic reserves.
You regenerate magic rapidly.
When low on magic, you restore magic in place of health.
You are immune to freezing clouds.
You occasionally shout uncontrollably at your foes.
You are weak. (Str -2)
Your spells are a little easier to cast, but a little less powerful.


Message History

You fail to use your ability.
The deep troll bites you!
* * * LOW HITPOINT WARNING * * *
The deep troll claws you!
* * * LOW HITPOINT WARNING * * *
The deep troll claws you but does no damage.
The deep troll bites you but does no damage.
The deep troll claws you but does no damage. x2
The deep troll bites you but does no damage.
The deep troll claws you!
* * * LOW HITPOINT WARNING * * *
The deep troll claws you but does no damage.
Okay, then.
Okay, then.
Unknown command.
A red film seems to cover your vision as you go berserk!
You feel yourself moving faster!
You feel mighty! The deep troll bites you!
* * * LOW HITPOINT WARNING * * *
The deep troll claws you but does no damage.
The deep troll claws you!
You die...

......###.....(.# #.........####
......#.....###.## ##....##..#
#####......## #..# ##..####..#
##....## #..###..#####..# ##..##
##..#.......#.##
##...#######............## ##
#...##.....##.......#....##
.########.[.....##..########..#
..(##.....#####T@#...########.##
.###...##......T###.......####.#
###..8.###.....##..............#
##......########.........###...#
###...## #...............###.##
#...####................##.#
#....)##.................#.# #
#....[...................#.#
#####.......................#.#


You could see 2 deep trolls.

Vanquished Creatures
  Boris (Vaults:4)
  Saint Roka (Vaults:1)
  the Lernaean hydra (Swamp:4)
  The ghost of coldbreeze the Warrior, a veteran KoGl of Okawaru (Vaults:4)
  A profane servitor (Abyss:2)
  Jorgrun (Swamp:2)
  3 liches
  4 tentacled starspawn
  Frances (Swamp:1)
  A tengu reaver (Vaults:4)
  3 thorn hunters
  13 nagarajas
  A cacodemon (Abyss:2)
  Aizul (Vaults:4)
  2 deep elf sorcerers
  2 frost giants
  7 vault wardens
  A balrug (Depths:1)
  An orc warlord (Vaults:3)
  An angel (Abyss:4)
  10 ironheart preservers
  5 very ugly things
  9 stone giants
  3 entropy weavers
  A dire elephant (Lair:6)
  A lorocyproca (Abyss:2)
  Nessos (Lair:5)
  2 deep elf annihilators
  A blizzard demon (Depths:1)
  Snorg (Orc:1)
  2 crystal guardians
  2 ettins
  4 fire dragons
  6 yaktaur captains
  3 deep elf death magi
  The ghost of HamboneDK the Cleaver, a journeyman HOFi of Uskayaw (D:11)
  Harold (Lair:4)
  Fannar (Orc:1)
  5 great orbs of eyes
  17 naga warriors
  3 vault guards
  4 ice dragons
  23 hydras
  8 anacondas
  A death knight (Vaults:3)
  7 alligators
  A ghost crab (Swamp:3)
  A merfolk avatar (Lair:6)
  5 centaur warriors
  4 tengu warriors
  10 ogre magi
  5 orc high priests (Orc:2)
  12 death yaks (Lair:6)
  A hell hog (shapeshifter) (Vaults:4)
  A deep troll earth mage (Depths:1)
  A hell hog (Abyss:4)
  10 naga sharpshooters
  Urug (Lair:3)
  4 sun demons
  5 thrashing horrors (Abyss:2)
  2 sixfirhies
  2 wretched stars
  3 deep elf knights
  5 shock serpents
  3 salamander mystics
  The ghost of LupusAter the Archer, a novice CeHu of Fedhas (D:7)
  A skeletal warrior (Vaults:2)
  13 sea snakes
  A flayed ghost (Depths:1)
  12 swamp dragons
  5 unseen horrors
  A spriggan druid (Swamp:2)
  7 naga ritualists
  3 glowing orange brains
  A deep troll (Depths:1)
  3 shambling mangroves
  Pikel (D:4)
  A phantasmal warrior (Vaults:1)
  10 hill giants
  12 ironbrand convokers
  8 large abominations
  11 deep elf archers
  4 wizards
  8 necromancers
  21 orc knights
  6 orc sorcerers
  8 harpies
  A salamander (shapeshifter) (D:14)
  2 wolf spiders
  A manticore (Lair:6)
  2 oklob plants (Lair:2)
  5 mana vipers
  9 cyclopes
  A worldbinder (Abyss:2)
  20 ugly things
  20 deep elf magi
  A tengu skeleton (Vaults:2)
  A stone giant zombie (Vaults:2)
  2 moths of wrath (shapeshifter) (Vaults:1)
  13 salamanders
  3 smoke demons
  18 elephants
  17 vault sentinels
  26 black mambas
  5 guardian serpents
  31 naga magi
  A fire giant skeleton (Vaults:2)
  A frost giant skeleton (Vaults:2)
  25 spiny frogs
  A storm dragon simulacrum (Vaults:2)
  4 gargoyles
  An orange demon (Abyss:2)
  5 ice statues (IceCv)
  A komodo dragon (shapeshifter) (Vaults:2)
  8 komodo dragons
  4 rime drakes
  A tormentor (Abyss:2)
  An efreet (Abyss:4)
  18 yaktaurs
  5 ancient zymes
  9 freezing wraiths
  11 human skeletons (Vaults:2)
  An anaconda simulacrum (IceCv)
  4 ice devils (Depths:1)
  A hellwing (Abyss:2)
  3 tengu conjurers (D:15)
  7 trolls
  4 yaktaur skeletons
  3 meliai (D:13)
  4 polar bears (Lair:6)
  12 hornets
  5 tyrant leeches
  9 two-headed ogres
  A wind drake (Lair:6)
  10 blink frogs
  10 raiju
  Prince Ribbit (Lair:2)
  A frost giant simulacrum (Depths:1)
  A bog body (Swamp:4)
  17 slime creatures
  10 hippogriffs
  A centaur simulacrum (D:15)
  A spriggan skeleton (Depths:1)
  3 redbacks (Vaults:4)
  33 starcursed masses
  4 spriggans
  6 shadows
  2 ynoxinuls (Abyss:2)
  2 dire elephant simulacra (IceCv)
  4 basilisks
  A vampire (D:13)
  2 wyverns
  13 yaks
  2 ettin skeletons (Vaults:2)
  3 golden eyes (Abyss:2)
  8 small abominations
  44 vampire mosquitoes
  19 humans (D:14)
  A neqoxec (Abyss:4)
  8 wargs
  A chaos spawn (Abyss:4)
  3 harpy simulacra (IceCv)
  26 swamp worms
  2 mottled dragons
  47 nagas
  16 insubstantial wisps
  An iron troll simulacrum (IceCv)
  11 water moccasins
  2 hydra simulacra (IceCv)
  8 porcupines
  3 phantoms
  A slave (D:4)
  A snapping turtle zombie (Abyss:2)
  11 swamp drakes
  2 black bears
  An eye of draining (shapeshifter) (D:15)
  6 sky beasts
  9 ice beasts
  A black bear (shapeshifter) (Vaults:3)
  58 orc warriors
  45 ogres
  3 wolves (Lair:2)
  17 centaurs
  21 crocodiles
  A human zombie (Vaults:2)
  4 big kobolds
  A gnoll sergeant (D:9)
  20 bullfrogs
  2 wyvern skeletons
  A scorpion (D:7)
  23 killer bees
  21 wights
  3 electric eels
  4 howler monkeys
  12 crimson imps
  4 bullfrog zombies
  4 jellies
  6 quasits
  5 hounds
  2 centaur zombies (D:7)
  A gnoll shaman (D:9)
  26 orc priests
  A bullfrog skeleton (D:12)
  2 centaur skeletons
  2 iguanas
  Jessica (D:2)
  27 orc wizards
  8 worker ants
  4 human simulacra
  A hound skeleton (D:11)
  A howler monkey zombie (D:8)
  4 worker ant zombies
  11 gnolls
  2 howler monkey skeletons
  12 adders
  6 shadow imps
  7 white imps (Depths:1)
  2 oozes
  An adder zombie (D:7)
  An adder skeleton (D:7)
  5 worms
  A dart slug (D:1)
  7 leopard geckos
  109 orcs
  4 giant cockroaches
  14 goblins
  18 hobgoblins
  8 jackals
  41 kobolds
  7 quokkas
  2 ball pythons (D:3)
  5 bats
  11 frilled lizards
  A jackal zombie (D:9)
  A quokka skeleton (D:5)
  11 rats
  A crawling corpse (Vaults:2)
  A fungus (Lair:2)
  A lurking horror (Abyss:2)
  6 starspawn tentacles (Abyss:2)
1701 creatures vanquished.

Vanquished Creatures (collateral kills)
  An orc wizard (D:9)
  A leopard gecko (D:9)
2 creatures vanquished.

Vanquished Creatures (others)
  A naga warrior (Snake:4)
  A large abomination (Abyss:4)
  A small abomination (Abyss:2)
  A neqoxec (Abyss:2)
  A swamp worm (Swamp:2)
  A killer bee (D:9)
  A crimson imp (Depths:1)
  An orc (Vaults:1)
  17 fungi
  32 plants
  9 starspawn tentacles
66 creatures vanquished.

Grand Total: 1769 creatures vanquished

Notes
Turn   | Place    | Note
-------+----------+-------------------------------------------
     0 | D:1      | Positivity the Demonspawn Wanderer began the quest for the Orb.
     0 | D:1      | Positivity set off with: a +2 scale mail, a potion of lignification, a +0 shortbow, 28 arrows, a bread ration
     0 | D:1      | Reached XP level 1. HP: 15/15 MP: 1/1
   133 | D:1      | Reached skill level 2 in Fighting
   154 | D:1      | Gained mutation: When hurt, damage is shared between your health and your magic reserves. [demonic ancestry]
   154 | D:1      | Reached XP level 2. HP: 15/22 MP: 2/2
   675 | D:1      | Reached skill level 3 in Fighting
   675 | D:1      | Reached XP level 3. HP: 29/29 MP: 3/3
   975 | D:2      | Noticed Jessica
   988 | D:2      | Killed Jessica
   988 | D:2      | Reached skill level 4 in Fighting
   988 | D:2      | Gained mutation: You have sharp toenails. [demonic ancestry]
   988 | D:2      | Reached XP level 4. HP: 21/37 MP: 2/4
  1258 | D:2      | Found a white marble altar of Elyvilon.
  1259 | D:2      | Found an iron altar of Okawaru.
  1302 | D:2      | Became a worshipper of Warmaster Okawaru
  1797 | D:3      | Reached skill level 5 in Fighting
  1797 | D:3      | Reached XP level 5. HP: 30/44 MP: 2/5
  1923 | D:3      | Reached * piety under Okawaru
  2047 | D:3      | Found a hazy altar of Hepliaklqana.
  2203 | D:3      | Found a deep blue altar of Sif Muna.
  2203 | D:3      | Found a faded altar of an unknown god.
  2208 | D:3      | Found a burning altar of Makhleb.
  2210 | D:3      | Found a faded altar of an unknown god.
  2212 | D:3      | Found a radiant altar of Vehumet.
  2363 | D:3      | Found a sparkling altar of Nemelex Xobeh.
  2379 | D:3      | Gained mutation: Your flesh is cold resistant. (rC+) [demonic ancestry]
  2379 | D:3      | Reached XP level 6. HP: 48/52 MP: 6/6
  2414 | D:3      | Reached skill level 6 in Fighting
  2433 | D:3      | Found a shattered altar of Ashenzari.
  2453 | D:4      | Reached skill level 1 in Long Blades
  2456 | D:4      | Found an opulent altar of Gozag.
  3138 | D:4      | Gained mutation: You are partially covered in rugged brown scales. (AC +1, +3% HP) [demonic ancestry]
  3138 | D:4      | Reached XP level 7. HP: 44/59 MP: 7/7
  3455 | D:4      | Noticed Pikel
  3486 | D:4      | Killed Pikel
  3486 | D:4      | Reached ** piety under Okawaru
  3486 | D:4      | Reached *** piety under Okawaru
  3486 | D:4      | Reached XP level 8. HP: 15/65 MP: 3/8
  3707 | D:5      | Entered Level 5 of the Dungeon
  3903 | D:5      | Found a stormy altar of Qazlal.
  3980 | D:5      | Found an ancient bone altar of Kikubaaqudgha.
  3981 | D:5      | Found a staircase to the Ecumenical Temple.
  4196 | D:5      | Found a basalt altar of Yredelemnul.
  4424 | D:6      | Found Owauv's Antique Weapon Shoppe.
  4511 | D:6      | Found Waunn's Magic Scroll Shoppe.
  4539 | D:6      | Found a shadowy altar of Dithmenos.
  4548 | D:6      | Found a bloodstained altar of Trog.
  4593 | D:6      | Found a snail-covered altar of Cheibriados.
  4766 | D:6      | Found Doshrit's Armour Shop.
  4817 | D:6      | Found Faull's Assorted Antiques.
  4962 | D:6      | Bought 2 glowing brown potions for 50 gold pieces
  5112 | D:6      | Reached **** piety under Okawaru
  5153 | D:6      | HP: 3/65 [sky beast (5)]
  5155 | D:6      | Received a gift from Okawaru
  5380 | D:7      | Gained mutation: You have razor-sharp toenails. [demonic ancestry]
  5380 | D:7      | Reached XP level 9. HP: 65/71 MP: 9/9
  5709 | D:7      | Reached skill level 10 in Long Blades
  6146 | D:7      | Noticed LupusAter's ghost (novice CeHu)
  6176 | D:7      | Killed LupusAter's ghost
  6176 | D:7      | Received a gift from Okawaru
  6192 | D:7      | Reached ***** piety under Okawaru
  6753 | D:8      | Found Iwiumm's Jewellery Boutique.
  6776 | D:8      | Noticed a tengu warrior
  6791 | D:8      | Noticed a tengu warrior
  6796 | D:8      | Noticed a hill giant
  6814 | D:8      | Killed a hill giant
  6814 | D:8      | Reached XP level 10. HP: 78/78 MP: 7/10
  6863 | D:8      | Found Dicadden's Gadget Boutique.
  7358 | D:8      | Reached skill level 1 in Invocations
  7545 | D:8      | Found Joex's Weapon Emporium.
  7772 | D:9      | Noticed a hill giant
  7783 | D:9      | Killed a hill giant
  7864 | D:9      | Found a staircase to the Orcish Mines.
  7912 | D:9      | Found an iron altar of Okawaru.
  7952 | D:9      | Received a gift from Okawaru
  8975 | D:9      | Reached skill level 5 in Invocations
  9042 | D:10     | Entered Level 10 of the Dungeon
  9527 | D:10     | Reached XP level 11. HP: 71/83 MP: 15/15
  9597 | D:10     | Identified the Grimoire of Earth and Weightlessness
  9838 | D:11     | Noticed a hill giant
 10047 | D:11     | Killed a hill giant
 10054 | D:11     | Noticed HamboneDK's ghost (journeyman HOFi)
 10096 | D:11     | Killed HamboneDK's ghost
 10480 | D:11     | Noticed a white ugly thing
 10499 | D:11     | Killed a white ugly thing
 10715 | D:11     | Found a staircase to the Lair.
 11047 | Lair:1   | Entered Level 1 of the Lair of Beasts
 11464 | Lair:1   | Reached skill level 5 in Armour
 11492 | Lair:1   | Received a gift from Okawaru
 12742 | Lair:2   | Noticed a four-headed hydra
 12769 | Lair:2   | Killed a four-headed hydra
 12769 | Lair:2   | Received a gift from Okawaru
 12769 | Lair:2   | Reached skill level 7 in Fighting
 12785 | Lair:2   | Got a scorched great sword {god gift}
 12846 | Lair:2   | Identified the +8 great sword "Hoacasof" {flame, Str+3} (Okawaru gifted it to you on level 2 of the Lair of Beasts)
 13069 | Lair:2   | Noticed a seven-headed hydra
 13075 | Lair:2   | Killed a four-headed hydra
 13120 | Lair:2   | Found a staircase to the Swamp.
 13124 | Lair:2   | Reached XP level 12. HP: 48/93 MP: 11/17
 13162 | Lair:2   | Noticed a six-headed hydra
 13174 | Lair:2   | Killed a one-headed hydra
 13178 | Lair:2   | HP: 1/93 [spiny frog (11)]
 13181 | Lair:2   | Reached ****** piety under Okawaru
 13192 | Lair:2   | Noticed Prince Ribbit
 13697 | Lair:2   | Killed Prince Ribbit
 13697 | Lair:2   | Received a gift from Okawaru
 13718 | Lair:2   | Got a crude lajatang {god gift}
 13719 | Lair:2   | Identified the +5 lajatang of Reokka {freeze, rC- rN+ Str+8 Int-3} (Okawaru gifted it to you on level 2 of the Lair of Beasts)
 14241 | Lair:2   | Reached skill level 15 in Long Blades
 14846 | Lair:3   | Noticed Urug
 14853 | Lair:3   | Killed Urug
 14853 | Lair:3   | Reached skill level 8 in Fighting
 15262 | Lair:4   | Found a staircase to the Snake Pit.
 15339 | Lair:4   | Got a crude falchion
 15340 | Lair:4   | Identified the cursed +0 falchion of Intimidation {antimagic, rN+ Dex+3 SInv Stlth+} (You found it on level 4 of the Lair of Beasts)
 15376 | Lair:4   | Noticed Harold
 15388 | Lair:4   | Killed Harold
 15701 | Lair:4   | Received a gift from Okawaru
 16020 | Lair:5   | Reached skill level 9 in Fighting
 16037 | Lair:5   | Noticed Nessos
 16061 | Lair:5   | Killed Nessos
 16061 | Lair:5   | Gained mutation: You regenerate magic rapidly. [demonic ancestry]
 16061 | Lair:5   | Reached XP level 13. HP: 89/104 MP: 16/18
 16484 | Lair:5   | Found a staircase to the Slime Pits.
 16827 | Lair:6   | Entered Level 6 of the Lair of Beasts
 16903 | Lair:6   | Received a gift from Okawaru
 16920 | Lair:6   | Got a faintly glowing double sword {god gift}
 16921 | Lair:6   | Identified the +5 double sword of Kiaxick Wess {drain, rF+} (Okawaru gifted it to you on level 6 of the Lair of Beasts)
 17323 | Lair:6   | Reached skill level 10 in Fighting
 17764 | Lair:6   | Received a gift from Okawaru
 17835 | Lair:6   | Gained mutation: You have claws for feet. [demonic ancestry]
 17835 | Lair:6   | Reached XP level 14. HP: 56/114 MP: 17/19
 18169 | Lair:6   | Received a gift from Okawaru
 18866 | Lair:6   | Reached skill level 11 in Fighting
 19151 | D:8      | Bought the amulet "Arask" {rPois rF+ rN+ Regen+ Dex+4} for 608 gold pieces
 19216 | Orc:1    | Entered Level 1 of the Orcish Mines
 19216 | Orc:1    | Noticed Fannar
 19218 | Orc:1    | Received a gift from Okawaru
 19229 | Orc:1    | Noticed Snorg
 19234 | Orc:1    | Killed Fannar
 19539 | Orc:1    | Killed Snorg
 19849 | Orc:2    | Entered Level 2 of the Orcish Mines
 19854 | Orc:2    | Found a staircase to the Elven Halls.
 19856 | Orc:2    | Paralysed by an orc sorcerer for 5 turns
 20029 | Orc:2    | Reached skill level 10 in Armour
 20993 | Orc:2    | Noticed a stone giant
 21004 | Orc:2    | Killed a stone giant
 21029 | Orc:2    | Found Dacluut's Book Emporium.
 21029 | Orc:2    | Found Raimoez's Gadget Emporium.
 21030 | Orc:2    | Found Ethush's Distillery.
 21030 | Orc:2    | Found Teongo's Weapon Emporium.
 21040 | Orc:2    | Bought a potion of heal wounds for 55 gold pieces
 21040 | Orc:2    | Bought a potion of heal wounds for 55 gold pieces
 21040 | Orc:2    | Bought a potion of might for 44 gold pieces
 21040 | Orc:2    | Bought a potion of haste for 110 gold pieces
 21045 | Orc:2    | Bought a wand of disintegration (16/24) for 320 gold pieces
 21318 | D:8      | Got a crude cloak
 21329 | D:8      | Identified the cursed +0 cloak of the Shore {rPois} (You found it on level 8 of the Dungeon)
 21557 | D:12     | Gained mutation: You are immune to freezing clouds. [demonic ancestry]
 21557 | D:12     | Reached XP level 15. HP: 123/123 MP: 18/20
 21641 | D:12     | Identified a scroll of acquirement
 21729 | D:12     | Reached skill level 12 in Fighting
 23328 | D:14     | Received a gift from Okawaru
 23344 | D:14     | Got an ancient plate armour {god gift}
 23355 | D:14     | Identified the +1 plate armour of Inasack {+Fly Str+5} (Okawaru gifted it to you on level 14 of the Dungeon)
 23384 | D:14     | Found a gate to the Vaults.
 23982 | D:15     | Entered Level 15 of the Dungeon
 24005 | D:15     | Reached skill level 13 in Fighting
 24398 | D:15     | Gained mutation: Your natural rate of healing is unusually fast. [potion of mutation]
 24398 | D:15     | Gained mutation: Scrolls take you a little longer to read. [potion of mutation]
 24398 | D:15     | Gained mutation: Your magical capacity is low. (-10% MP) [potion of mutation]
 25012 | D:15     | Found a staircase to the Depths.
 25110 | D:15     | Gained mutation: Your spells are a little easier to cast, but a little less powerful. [potion of mutation]
 25110 | D:15     | Lost mutation: Your magical capacity is low. (-10% MP) [potion of mutation]
 25637 | Swamp:1  | Entered Level 1 of the Swamp
 25832 | Swamp:1  | Noticed Frances
 25854 | Swamp:1  | Killed Frances
 25964 | Swamp:1  | Gained mutation: When low on magic, you restore magic in place of health. [demonic ancestry]
 25964 | Swamp:1  | Reached XP level 16. HP: 83/135 MP: 13/21
 26378 | Swamp:2  | Noticed a thorn hunter
 26385 | Swamp:2  | Killed a thorn hunter
 26385 | Swamp:2  | Received a gift from Okawaru
 26486 | Swamp:2  | Noticed Jorgrun
 26499 | Swamp:2  | Reached skill level 14 in Fighting
 26507 | Swamp:2  | Killed Jorgrun
 26931 | Swamp:3  | Noticed a thorn hunter
 26993 | Swamp:3  | Killed a thorn hunter
 27208 | Swamp:3  | Found a frozen archway.
 27214 | IceCv    | Entered an ice cave
 27227 | IceCv    | Received a gift from Okawaru
 27379 | IceCv    | Got a crude glaive
 27382 | IceCv    | Identified the +2 glaive "Oputevur" {chop, rPois rC+ Int+4} (You found it in an ice cave)
 27718 | Swamp:4  | Entered Level 4 of the Swamp
 27957 | Swamp:4  | Reached skill level 15 in Fighting
 28110 | Swamp:4  | Noticed the 27-headed Lernaean hydra
 28125 | Swamp:4  | Killed the 19-headed Lernaean hydra
 28137 | Swamp:4  | Reached skill level 16 in Fighting
 28258 | Swamp:4  | Identified Gefutreb's Almanac of the Spatial Mountains
 28305 | Swamp:4  | Reached XP level 17. HP: 128/148 MP: 20/22
 28311 | Swamp:4  | Got a decaying rune of Zot
 28942 | Vaults:1 | Entered Level 1 of the Vaults
 29100 | Vaults:1 | Noticed Saint Roka
 29101 | Vaults:1 | Received a gift from Okawaru
 29135 | Vaults:1 | Killed Saint Roka
 29153 | Vaults:1 | Cast into level 2 of the Abyss (a wizard)
 29236 | Abyss:2  | HP: 6/150 [something (17)]
 29389 | Abyss:2  | Reached skill level 17 in Fighting
 29498 | Abyss:2  | Noticed a lich
 29513 | Abyss:2  | Killed a lich
 29688 | Vaults:1 | Escaped the Abyss
 30136 | Vaults:1 | Received a gift from Okawaru
 31254 | Vaults:2 | Reached skill level 18 in Fighting
 31330 | Vaults:2 | Reached XP level 18. HP: 134/161 MP: 23/23
 31482 | Vaults:2 | Found a staircase to the Crypt.
 31562 | Vaults:2 | Reached skill level 15 in Armour
 31975 | Vaults:2 | Received a gift from Okawaru
 32825 | Vaults:2 | Reached skill level 19 in Fighting
 33537 | Vaults:3 | Paralysed by a great orb of eyes for 3 turns
 33543 | Vaults:3 | Received a gift from Okawaru
 33555 | Vaults:3 | Got a steaming crystal plate armour {god gift}
 33607 | Vaults:3 | Identified the +0 crystal plate armour "Komy" {rElec} (Okawaru gifted it to you on level 3 of the Vaults)
 33715 | Vaults:3 | Lost mutation: Scrolls take you a little longer to read. [potion of cure mutation]
 33715 | Vaults:3 | Lost mutation: Your spells are a little easier to cast, but a little less powerful. [potion of cure mutation]
 33715 | Vaults:3 | Lost mutation: Your natural rate of healing is unusually fast. [potion of cure mutation]
 33862 | Vaults:3 | Gained mutation: You are mostly covered in rugged brown scales. (AC +2, +5% HP) [demonic ancestry]
 33862 | Vaults:3 | Reached XP level 19. HP: 153/175 MP: 24/24
 34126 | Vaults:3 | Found Olotau's Antique Armour Shop.
 34785 | Vaults:3 | Cast into level 2 of the Abyss (orc knight)
 34814 | Abyss:2  | Found a corrupted altar of Lugonu.
 34998 | Abyss:2  | Noticed a lich
 35005 | Abyss:2  | Killed a lich
 35016 | Abyss:2  | Paralysed by accursed screaming for 1 turns
 35102 | Abyss:2  | Noticed a profane servitor
 35145 | Abyss:2  | Killed a profane servitor
 35145 | Abyss:2  | Reached skill level 20 in Fighting
 35380 | Abyss:2  | Gained mutation: You are weak. (Str -2) [a cacodemon]
 35388 | Abyss:2  | Gained mutation: You occasionally shout uncontrollably at your foes. [a shining eye]
 35454 | Abyss:4  | Found a corrupted altar of Lugonu.
 35475 | Abyss:4  | Noticed a bone dragon
 35488 | Abyss:4  | Paralysed by accursed screaming for 1 turns
 35696 | Abyss:4  | HP: 6/177 [tentacled starspawn (3)]
 35705 | Abyss:4  | HP: 8/177 [worldbinder (2)]
 35769 | Abyss:4  | Gained mutation: Your spells are a little easier to cast, but a little less powerful. [a neqoxec]
 35772 | Abyss:4  | Found a runed door.
 35789 | Abyss:4  | Received a gift from Okawaru
 35891 | Vaults:3 | Escaped the Abyss
 36093 | Vaults:4 | Noticed Aizul
 36106 | Vaults:4 | Killed Aizul
 36125 | Vaults:4 | Received a gift from Okawaru
 36178 | Vaults:4 | Noticed coldbreeze's ghost (veteran KoGl)
 36218 | Vaults:4 | Killed coldbreeze's ghost
 36628 | Vaults:4 | Noticed Boris
 36664 | Vaults:4 | Killed Boris
 36887 | Vaults:4 | Reached XP level 20. HP: 179/186 MP: 25/25
 37363 | Vaults:4 | Upgraded the game from 0.19.0-20-gbc5f0c6 to 0.19.1
 38081 | Snake:1  | Entered Level 1 of the Snake Pit
 38093 | Snake:1  | Reached skill level 21 in Fighting
 39913 | Snake:2  | Received a gift from Okawaru
 41000 | Snake:3  | Got a scintillating brass ring
 41001 | Snake:3  | Identified the ring "Qicaemy" {rElec rF+ rC+ Int+2} (You acquired it on level 3 of the Snake Pit)
 41293 | Snake:4  | Entered Level 4 of the Snake Pit
 42950 | Snake:4  | Reached skill level 22 in Fighting
 42984 | Snake:4  | Reached XP level 21. HP: 109/198 MP: 26/26
 43216 | Snake:4  | Received a gift from Okawaru
 43219 | Snake:4  | Got a translucent triple sword {god gift}
 43220 | Snake:4  | Identified the +1 triple sword "Jitzeif" {venom, rPois rF- SInv} (Okawaru gifted it to you on level 4 of the Snake Pit)
 43634 | Snake:4  | Got a serpentine rune of Zot
 44174 | Depths:1 | Entered Level 1 of the Depths
 44469 | Depths:1 | Found Sadeb's Antique Weapon Emporium.
 44520 | Depths:1 | HP: 6/199 [stone giant/large rock (15)]
 44534 | Depths:1 | Found a one-way gate leading to the halls of Pandemonium.
 44535 | Depths:1 | HP: 9/199 [soul eater/drain life (1)]
 44536 | Depths:1 | HP: 4/199 [soul eater/drain life (3)]
 44537 | Depths:1 | Found a one-way gate to the infinite horrors of the Abyss.
 44595 | D:15     | HP: 9/199 [deep troll (6)]
 44596 | D:15     | Slain by a deep troll

Skill      XL: |  1  2  3  4  5  6  7  8  9 10 11 12 13 14 15 16 17 18 19 20 |
---------------+-------------------------------------------------------------+-----
Fighting       | 2 3 4 5 6 7 9 10 11 13 16 18 19 20 22 | 22.4
Long Blades    | 3 6 9 11 13 14 16 17 18 19 20 | 20.1
Invocations    | 6 7 |  7.2
Armour         | 6 7 9 10 11 13 14 16 17 19 | 19.6
Bows           | |  1.7
Shields        | |  1.0
Evocations     | |  1.0

Action                   |  1- 3 |  4- 6 |  7- 9 | 10-12 | 13-15 | 16-18 | 19-21 || total
-------------------------+-------+-------+-------+-------+-------+-------+-------++-------
Melee: Dagger            |       |   315 |   263 |       |       |       |       ||   578
       Kick              |       |    70 |   121 |   220 |   327 |   713 |   637 ||  2088
       Falchion          |       |       |    54 |       |       |       |       ||    54
       Long sword        |       |       |   188 |   643 |       |       |       ||   831
       Punch             |       |       |       |     6 |       |       |       ||     6
       Great sword       |       |       |       |   219 |  1205 |  1696 |  1674 ||  4794
 Fire: Shortbow          |   111 |     6 |       |       |       |       |       ||   117
Invok: Heroism           |       |       |     4 |    16 |    16 |    12 |    11 ||    59
       Finesse           |       |       |       |     1 |     7 |     7 |    12 ||    27
Evoke: Wand              |       |       |       |     7 |     1 |       |     2 ||    10
       Lamp of fire      |       |       |       |     1 |       |       |       ||     1
       Phantom mirror    |       |       |       |       |       |       |     1 ||     1
  Use: Scroll            |       |     7 |     5 |     6 |    10 |     7 |    22 ||    57
       Potion            |       |     6 |     6 |     3 |     7 |     6 |    11 ||    39
  Eat: Chunk             |       |     3 |     7 |     5 |     9 |    13 |     5 ||    42
       Bread ration      |       |     1 |       |     1 |     5 |     3 |     7 ||    17
       Beef jerky        |       |       |     2 |     1 |     1 |       |     1 ||     5
       Meat ration       |       |       |     1 |     3 |       |       |       ||     4
       Royal jelly       |       |       |       |     1 |       |       |       ||     1
       Pizza             |       |       |       |       |       |     1 |       ||     1
Armor: Scale mail        |    35 |   176 |   215 |    80 |       |       |       ||   506
       Chain mail        |       |       |       |   238 |       |       |       ||   238
       Plate armour      |       |       |       |   114 |   682 |       |       ||   796
       Crystal plate arm |       |       |       |       |   399 |  1382 |  1391 ||  3172
Dodge: Dodged            |    17 |   122 |   203 |   251 |   323 |   360 |   322 ||  1598
       Rpst.: Falchion   |       |       |     4 |       |       |       |       ||     4
       Long sword        |       |       |    23 |    48 |       |       |       ||    71
       Great sword       |       |       |       |    15 |    76 |    92 |    79 ||   262
